AoeStats
← DmB

Arena

510870431Analyzed
1v1 RM · 13h ago on Oct 2, 2026· 38m 31s· 2 players
Game mode
Random Map
Map size
Tiny (2 player)
Population
200
Speed
Normal
Resources
Standard
Victory
Conquest
Starting age
Dark Age
Ending age
Imperial Age
RankedLock teamsTeams togetherTeam positionsShared explorationLock speedFull tech treeHidden civsTurbo modeCheats
Victory
Defeat
🇦🇷 Bohemians · Argentina
884
+15
🇺🇸 Tupi · United States
873
-15
Orion The Destroyer
12:59 Feudal Age
13:39 Loom
17:32 Castle Age
15:28 Double-Bit Axe
17:29 Horse Collar
20:07 Gold Mining
21:46 Padded Archer Armor
31:35 Imperial Age
29:36 Fletching
30:03 Stone Mining
30:49 Leather Archer Armor
32:10 Bow Saw
33:02 Ring Archer Armor
32:39 Heavy Plow
34:00 Bodkin Arrow
35:42 Two-Man Saw
35:50 Heated Shot
DmB
10:35 Feudal Age
14:45 Castle Age
14:03 Double-Bit Axe
14:01 Horse Collar
15:52 Bow Saw
17:19 Loom
20:50 Wheelbarrow
21:18 Fletching
22:08 Heavy Plow
27:47 Imperial Age
26:47 Bodkin Arrow
27:04 Forging
26:55 Scale Mail Armor
26:47 Elite Skirmisher
28:45 Ballistics
29:30 Chemistry
28:02 Pikeman
30:08 Halberdier
30:51 Bracer
31:16 Houfnice
34:02 Conscription
34:17 Squires
34:19 Padded Archer Armor
35:40 Iron Casting
39:23 Blast Furnace
38:40 Leather Archer Armor
Connection lost

Rejoining the realm…

Still unreachable

The connection could not be restored.

Session expired

The server has moved on; the page needs a fresh start.